APL (24 & UNDER)
BEAVERTON BRONZE SOULS @ STATE COLLEGE SPIKES
05/31/2027
 
TOP OF THE 1ST
Beaverton Bronze Souls batting - Pitching for State College Spikes : RHP Francisco Álvarez
Pitching: RHP Francisco Álvarez
Batting: RHB Juan Becerra 0-0: Ball
1-0: Swinging Strike
1-1: Ground out 5-3 (Groundball, 5)
Batting: RHB Rusty Anderson 0-0: Called Strike
0-1: Ball
1-1: Swinging Strike
1-2: Fly out, F9 (Line Drive, 89M)
Batting: LHB Chance Santry 0-0: Called Strike
0-1: Called Strike
0-2: Foul Ball, location: 2F
0-2: Foul Ball, location: 2F
0-2: Strikes out swinging
Top of the 1st over - 0 run(s), 0 hit(s), 0 error(s), 0 left on base; Beaverton 0 - State College 0
BOTTOM OF THE 1ST
State College Spikes batting - Pitching for Beaverton Bronze Souls : RHP Ramón Marerro
Pitching: RHP Ramón Marerro
Batting: RHB Nick Mackin 0-0: Ball
1-0: Foul Ball, location: 2F
1-1: Foul Ball, location: 2F
1-2: Strikes out looking
Batting: RHB Blair Whitehead 0-0: Swinging Strike
0-1: Foul Ball, location: 2F
0-2: Ball
1-2: Ball
2-2: Fly out, F7 (Flyball, 7)
Batting: SHB Thomas Simmons 0-0: Ball
1-0: Ball
2-0: Fly out, F5 (Popup, 5L)
Bottom of the 1st over - 0 run(s), 0 hit(s), 0 error(s), 0 left on base; Beaverton 0 - State College 0
TOP OF THE 2ND
Beaverton Bronze Souls batting - Pitching for State College Spikes : RHP Francisco Álvarez
Batting: RHB Carlos Guevara 0-0: Foul Ball, location: 2F
0-1: Called Strike
0-2: Ball
1-2: Ball
2-2: Foul Ball, location: 2F
2-2: Ball
3-2: Strikes out swinging
Batting: LHB Cristóbal Gómez 0-0: Ball
1-0: Ball
2-0: Ball
3-0: Called Strike
3-1: Foul Ball, location: 2F
3-2: Strikes out looking
Batting: RHB David Kerr 0-0: Ball
1-0: Called Strike
1-1: Called Strike
1-2: Strikes out swinging
Top of the 2nd over - 0 run(s), 0 hit(s), 0 error(s), 0 left on base; Beaverton 0 - State College 0
BOTTOM OF THE 2ND
State College Spikes batting - Pitching for Beaverton Bronze Souls : RHP Ramón Marerro
Batting: RHB Mike Ingram 0-0: DOUBLE (Flyball, 89XD)
Batting: RHB Eric Knight 0-0: Ball
1-0: Ball
2-0: Foul Ball, location: 2F
2-1: SINGLE (Line Drive, 89M)
Mike Ingram to third
Runner from 3rd tries for Home, SAFE, no throw
Batting: RHB Javier Peña 0-0: Foul Ball, location: 2F
0-1: Swinging Strike
0-2: Ball
1-2: Ball
2-2: Ball
3-2: Grounds into double play, 5-4-3 (Groundball, 5L)
Batting: RHB Joaquín Vásquez 0-0: Called Strike
0-1: Swinging Strike
0-2: Ball
1-2: DOUBLE (Line Drive, 9LM)
Batting: RHB Alonzo Herrera 0-0: Ball
1-0: Called Strike
1-1: Swinging Strike
1-2: Fly out, F6 (Popup, 56D)
Bottom of the 2nd over - 1 run(s), 3 hit(s), 0 error(s), 1 left on base; Beaverton 0 - State College 1
TOP OF THE 3RD
Beaverton Bronze Souls batting - Pitching for State College Spikes : RHP Francisco Álvarez
Batting: RHB José Dávila 0-0: Foul Ball, location: 2F
0-1: Foul Ball, location: 2F
0-2: Ball
1-2: Ball
2-2: Strikes out swinging
Batting: SHB Alberto Sandoval 0-0: SINGLE (Groundball, 4S) (infield hit)
Batting: LHB Luis Aragón 0-0: Fielders Choice at 2nd, 1-6 (Groundball, 13)
Batting: RHB Juan Becerra 0-0: Ball
1-0: SINGLE (Line Drive, 34D)
Luis Aragón to second
Runner from 2nd tries for 3rd, SAFE, throw made to third
Batting: RHB Rusty Anderson 0-0: Foul Ball, location: 2F
0-1: Fielders Choice at 2nd, 4-6 (Groundball, 4)
Top of the 3rd over - 0 run(s), 2 hit(s), 0 error(s), 1 left on base; Beaverton 0 - State College 1
BOTTOM OF THE 3RD
State College Spikes batting - Pitching for Beaverton Bronze Souls : RHP Ramón Marerro
Batting: RHB Diego Benítez 0-0: Hit by Pitch
Batting: RHB Nick Mackin 0-0: Ball
1-0: Ball
2-0: Ball
3-0: Called Strike
3-1: Foul Ball, location: 2F
3-2: Base on Balls
Diego Benítez to second
Batting: RHB Blair Whitehead 0-0: SINGLE (Groundball, 6D)
Diego Benítez to third
Nick Mackin to second
Batting: SHB Thomas Simmons 0-0: Called Strike
0-1: Ball
Wild Pitch!
Diego Benítez scores
Nick Mackin to third
Blair Whitehead to second
1-1: Ball
2-1: Ball
3-1: Foul Ball, location: 2F
3-2: SINGLE (Groundball, 25) (infield hit)
Nick Mackin scores
Blair Whitehead to third
Batting: RHB Mike Ingram 0-0: Foul Ball, location: 2F
0-1: Ball
1-1: Ball
2-1: Foul Ball, location: 2F
2-2: Foul Ball, location: 2F
2-2: Foul Ball, location: 2F
2-2: Ball
3-2: Base on Balls
Thomas Simmons to second
Batting: RHB Eric Knight 0-0: Foul Ball, location: 2F
0-1: Fly out, F9 (Flyball, 9S)
Batting: RHB Javier Peña 0-0: Swinging Strike
0-1: SINGLE (Groundball, 6D)
Blair Whitehead scores
Thomas Simmons to third
Mike Ingram to second
Batting: RHB Joaquín Vásquez 0-0: Called Strike
0-1: Swinging Strike
0-2: Ball
1-2: Foul Ball, location: 2F
1-2: Strikes out swinging
Batting: RHB Alonzo Herrera 0-0: Called Strike
0-1: Foul Ball, location: 2F
0-2: Ball
1-2: Strikes out swinging
Bottom of the 3rd over - 3 run(s), 3 hit(s), 0 error(s), 3 left on base; Beaverton 0 - State College 4
TOP OF THE 4TH
Beaverton Bronze Souls batting - Pitching for State College Spikes : RHP Francisco Álvarez
Batting: LHB Chance Santry 0-0: Ball
1-0: Ball
2-0: Ball
3-0: Called Strike
3-1: Base on Balls
Batting: RHB Carlos Guevara 0-0: Grounds into double play, 5-4-3 (Groundball, 56)
Batting: LHB Cristóbal Gómez 0-0: Ball
1-0: Ball
2-0: Foul Ball, location: 2F
2-1: Called Strike
2-2: Strikes out looking
Top of the 4th over - 0 run(s), 0 hit(s), 0 error(s), 0 left on base; Beaverton 0 - State College 4
BOTTOM OF THE 4TH
State College Spikes batting - Pitching for Beaverton Bronze Souls : RHP Ramón Marerro
Batting: RHB Diego Benítez 0-0: Ball
1-0: Ball
2-0: Foul Ball, location: 2F
2-1: Ball
3-1: Foul Ball, location: 2F
3-2: Strikes out swinging
Batting: RHB Nick Mackin 0-0: Ball
1-0: Swinging Strike
1-1: Called Strike
1-2: Strikes out swinging
Batting: RHB Blair Whitehead 0-0: Swinging Strike
0-1: Foul Ball, location: 2F
0-2: Strikes out swinging
Bottom of the 4th over - 0 run(s), 0 hit(s), 0 error(s), 0 left on base; Beaverton 0 - State College 4
TOP OF THE 5TH
Beaverton Bronze Souls batting - Pitching for State College Spikes : RHP Francisco Álvarez
Batting: RHB David Kerr 0-0: Ball
1-0: Called Strike
1-1: Called Strike
1-2: Strikes out looking
Batting: RHB José Dávila 0-0: Fly out, F9 (Flyball, 9S)
Batting: SHB Alberto Sandoval 0-0: Ball
1-0: Ball
2-0: SOLO HOME RUN (Flyball, 9D), Distance : 405 ft
Batting: LHB Luis Aragón 0-0: Called Strike
0-1: Ball
1-1: Ball
2-1: Foul Ball, location: 2F
2-2: Ball
3-2: Base on Balls
Batting: RHB Juan Becerra 0-0: Called Strike
0-1: Ball
1-1: Foul Ball, location: 2F
1-2: Strikes out swinging
Top of the 5th over - 1 run(s), 1 hit(s), 0 error(s), 1 left on base; Beaverton 1 - State College 4
BOTTOM OF THE 5TH
State College Spikes batting - Pitching for Beaverton Bronze Souls : RHP Ramón Marerro
Pitching: LHP Ramón Rodríguez
Batting: SHB Thomas Simmons 0-0: Foul Ball, location: 2F
0-1: Called Strike
0-2: Ball
1-2: Strikes out looking
Batting: RHB Mike Ingram 0-0: Ground out 6-3 (Groundball, 6)
Now at SS: Joe Brinkman
Batting: RHB Eric Knight 0-0: Ball
1-0: Fly out, F9 (Flyball, 9LS)
Bottom of the 5th over - 0 run(s), 0 hit(s), 0 error(s), 0 left on base; Beaverton 1 - State College 4
TOP OF THE 6TH
Beaverton Bronze Souls batting - Pitching for State College Spikes : RHP Francisco Álvarez
Batting: RHB Rusty Anderson 0-0: Ball
1-0: Ball
2-0: Called Strike
2-1: Ball
3-1: DOUBLE (Line Drive, 8LM)
Batting: LHB Chance Santry 0-0: Ball
1-0: Ball
2-0: Ball
3-0: Base on Balls
Batting: RHB Carlos Guevara 0-0: Ball
1-0: Ball
2-0: Grounds into double play, 6-4-3 (Groundball, 6)
Rusty Anderson to third
Batting: LHB Cristóbal Gómez 0-0: Ball
1-0: Called Strike
1-1: Ball
2-1: Foul Ball, location: 2F
2-2: Foul Ball, location: 2F
2-2: Foul Ball, location: 2F
2-2: Strikes out swinging
Top of the 6th over - 0 run(s), 1 hit(s), 0 error(s), 1 left on base; Beaverton 1 - State College 4
BOTTOM OF THE 6TH
State College Spikes batting - Pitching for Beaverton Bronze Souls : LHP Ramón Rodríguez
Batting: RHB Javier Peña 0-0: Ball
1-0: Foul Ball, location: 2F
1-1: Swinging Strike
1-2: Ball
2-2: Ball
3-2: Foul Ball, location: 2F
3-2: Base on Balls
Batting: RHB Joaquín Vásquez 0-0: Fly out, F7 (Line Drive, 7)
Batting: RHB Alonzo Herrera 0-0: Ball
1-0: Ball
2-0: Foul Ball, location: 2F
2-1: Foul Ball, location: 2F
2-2: Hit by Pitch
Javier Peña to second
Batting: RHB Diego Benítez 0-0: Ball
Passed Ball!
Javier Peña to third
Alonzo Herrera to second
1-0: TRIPLE (Flyball, 8RXD)
Javier Peña scores
Alonzo Herrera scores
Pitching: LHP Luis Carbajal
Batting: RHB Nick Mackin 0-0: Ball
1-0: Ball
2-0: Called Strike
2-1: Ball
3-1: Ground out 5-3 (Groundball, 56)
Diego Benítez scores
Batting: RHB Blair Whitehead 0-0: Ground out 5-3 (Groundball, 56)
Bottom of the 6th over - 3 run(s), 1 hit(s), 0 error(s), 0 left on base; Beaverton 1 - State College 7
TOP OF THE 7TH
Beaverton Bronze Souls batting - Pitching for State College Spikes : RHP Francisco Álvarez
Pitching: RHP Willis Springer
Batting: RHB David Kerr 0-0: Called Strike
0-1: Ball
1-1: SINGLE (Groundball, 56D)
Batting: RHB José Dávila 0-0: Foul Ball, location: 2F
0-1: Swinging Strike
0-2: Ball
1-2: Strikes out swinging
Batting: SHB Alberto Sandoval 0-0: Ball
1-0: Called Strike
1-1: Ball
2-1: Ball
3-1: Swinging Strike
3-2: Foul Ball, location: 2F
3-2: Strikes out swinging
David Kerr steals 2nd base
Batter strikes out.
Batting: LHB Luis Aragón 0-0: Ball
1-0: Called Strike
1-1: Ball
2-1: SINGLE (Line Drive, 56D)
David Kerr to third
Runner from 3rd tries for Home, SAFE, no throw
Batting: RHB Joe Brinkman 0-0: Ball
1-0: Ball
2-0: Ball
3-0: Called Strike
3-1: Foul Ball, location: 2F
3-2: Foul Ball, location: 2F
3-2: Strikes out looking
Top of the 7th over - 1 run(s), 2 hit(s), 0 error(s), 1 left on base; Beaverton 2 - State College 7
BOTTOM OF THE 7TH
State College Spikes batting - Pitching for Beaverton Bronze Souls : LHP Luis Carbajal
Batting: SHB Thomas Simmons 0-0: Called Strike
0-1: Ball
1-1: Fly out, F6 (Line Drive, 6)
Batting: RHB Mike Ingram 0-0: Foul Ball, location: 2F
0-1: Swinging Strike
0-2: Strikes out looking
Batting: RHB Eric Knight 0-0: Called Strike
0-1: Ball
1-1: Ball
2-1: SINGLE (Flyball, 7S)
Batting: RHB Javier Peña 0-0: Ball
1-0: Called Strike
1-1: Ball
2-1: Called Strike
2-2: Foul Ball, location: 2F
2-2: SINGLE (Line Drive, 89M)
Eric Knight to second
Batting: RHB Joaquín Vásquez 0-0: Called Strike
0-1: Called Strike
0-2: Strikes out swinging
Bottom of the 7th over - 0 run(s), 2 hit(s), 0 error(s), 2 left on base; Beaverton 2 - State College 7
TOP OF THE 8TH
Beaverton Bronze Souls batting - Pitching for State College Spikes : RHP Willis Springer
Batting: RHB Rusty Anderson 0-0: Foul Ball, location: 2F
0-1: Swinging Strike
0-2: Strikes out looking
Batting: LHB Chance Santry 0-0: Ball
1-0: Ball
2-0: Ball
3-0: Called Strike
3-1: Base on Balls
Batting: RHB Carlos Guevara 0-0: Called Strike
0-1: Called Strike
0-2: Strikes out swinging
Batting: LHB Cristóbal Gómez 0-0: Ball
1-0: Foul Ball, location: 2F
1-1: Swinging Strike
1-2: Ball
2-2: Ball
3-2: Base on Balls
Chance Santry to second
Batting: RHB David Kerr 0-0: Ball
1-0: Ball
2-0: Called Strike
2-1: Ball
3-1: Called Strike
3-2: Base on Balls
Chance Santry to third
Cristóbal Gómez to second
Pitching: LHP Alberto Ruíz
Batting: RHB José Dávila 0-0: Ball
Wild Pitch!
Chance Santry scores
Cristóbal Gómez to third
David Kerr to second
1-0: Ball
2-0: Called Strike
2-1: Foul Ball, location: 2F
2-2: Ball
3-2: Strikes out looking
Top of the 8th over - 1 run(s), 0 hit(s), 0 error(s), 2 left on base; Beaverton 3 - State College 7
BOTTOM OF THE 8TH
State College Spikes batting - Pitching for Beaverton Bronze Souls : LHP Luis Carbajal
Batting: RHB Alonzo Herrera 0-0: Ball
1-0: Foul Ball, location: 2F
1-1: Foul Ball, location: 2F
1-2: Strikes out swinging
Batting: RHB Diego Benítez 0-0: Called Strike
0-1: Ball
1-1: Fly out, F9 (Flyball, 9LS)
Batting: RHB Nick Mackin 0-0: Called Strike
0-1: Ball
1-1: Foul Ball, location: 2F
1-2: Ball
2-2: Ball
3-2: Base on Balls
Pitching: RHP Ben Hepworth
Batting: RHB Blair Whitehead 0-0: Fielders Choice at 2nd, 6-4 (Groundball, 6)
Bottom of the 8th over - 0 run(s), 0 hit(s), 0 error(s), 0 left on base; Beaverton 3 - State College 7
TOP OF THE 9TH
Beaverton Bronze Souls batting - Pitching for State College Spikes : LHP Alberto Ruíz
Pitching: RHP Manuel Montoya
Batting: SHB Alberto Sandoval 0-0: Ball
1-0: Ground out 3-1 (Groundball, 34S)
Batting: LHB Luis Aragón 0-0: Called Strike
0-1: Foul Ball, location: 2F
0-2: Strikes out swinging
Batting: RHB Joe Brinkman 0-0: Called Strike
0-1: Swinging Strike
0-2: Ground out 6-3 (Groundball, 6)
Top of the 9th over - 0 run(s), 0 hit(s), 0 error(s), 0 left on base; Beaverton 3 - State College 7
Thursday, March 30th, 2017 - OOTP Baseball 17.12 Build 75